cohdb
Replays
Latest Replays
All Replays
Popular Replays
Top Player Replays
Match Explorer
How It Works
Community
CoH3 Stats
Reddit
Sign in to upload your games and track your stats! →
Sign in with Steam
Match 41086939
Unlisted
Match 41086939
Overview
Messages
Build Orders
End
Construct Barracks
Selects Heavy Weapons
M1 Mortar Team
Riflemen Squad
Riflemen Squad
Grenade Package
Riflemen Squad
Air Support Center
Construct Medical Station
P-47 Strafing Run
P-47 Dive Bomb
Construct Motor Pool
Selects M2HB .50cal Heavy Machine Gun
M1918 Browning Automatic Rifles
Grasshopper Recon Run
M1 Anti-tank Gun Team
北洋水师
OHMYGOD
MarsAlien
YaBe
MuniekPL
Papa Shango
Husar
Puszysty Zwirz
0
0
Comments
sign in to comment!
No comments posted yet!